 Dungeon Crawl Stone Soup version 0.29-a0-613-gf2c431b9b9 (webtiles) character file.

Game seed: 11644749027744527619

51 Nietzsche the Cudgeller (level 4, -2/37 HPs)
             Began as a Meteoran Gladiator on June 16, 2022.
             Was a Believer of Lugonu.
             Killed from afar by a white imp (7 damage)
             ... with a puff of frost
             ... summoned by Natasha
             ... on level 2 of the Dungeon.
             The game lasted 00:02:09 (636 turns).

Nietzsche the Cudgeller (Meteoran Gladiator)         Turns: 636, Time: 00:02:11

Health: -2/37      AC:  6    Str: 18    XL:     4   Next: 27%
Magic:  5/5        EV: 13    Int:  9    God:    Lugonu [**....]
Gold:   40         SH:  0    Dex: 15    Spells: 3/3 levels left

rFire   . . .      SeeInvis .   a - +0 flail
rCold   . . .      Faith    .   (no shield)
rNeg    . . .      Spirit   .   b - +0 leather armour
rPois   .          Reflect  .   c - +0 helmet
rElec   .          Harm     .   g - +0 cloak
rCorr   .          Rampage  .   (no gloves)
Will    .....                   f - +0 pair of boots
Stlth   +.........              (no amulet)
HPRegen 0.12/turn               (no ring)
MPRegen 0.09/turn               (no ring)

@: slowed, glowing, very slow
A: sense surroundings 1, otherworldly, glowing, explore regen
a: Renounce Religion, Depart the Abyss, Bend Space


You were on level 2 of the Dungeon.
You worshipped Lugonu.
Lugonu was pleased with you.
You visited 1 branch of the dungeon, and saw 2 of its levels.

You collected 40 gold pieces.

Inventory:

Hand Weapons
 a - a +0 flail (weapon)
Missiles
 d - 3 throwing nets (quivered)
 e - a javelin
Armour
 b - a +0 leather armour (worn)
 c - a +0 helmet (worn)
 f - a +0 pair of boots (worn)
 g - a +0 cloak (worn)
Scrolls
 i - a scroll of poison {unknown}
 l - a scroll of immolation {unknown}
 m - a scroll of fog {unknown}
 n - a scroll of identify {unknown}
Potions
 h - a potion of degeneration {unknown}
 j - a potion of flight {unknown}
 k - a potion of curing {unknown}


   Skills:
 + Level 2.7 Fighting
 + Level 4.9 Maces & Flails
 + Level 2.6 Throwing
 + Level 0.9 Armour
 + Level 4.2 Dodging


You had 3 spell levels left.
You didn't know any spells.
Your spell library was empty.

Dungeon Overview and Level Annotations

Branches:
Dungeon (2/15) Zot: 541

Altars:
Lugonu

Annotations:
D:2 Natasha


Innate Abilities, Weirdness & Mutations

You passively map a small area around you.
You are easily found by Zot.
You glow in the dark.
You regain HP and MP as you explore.


Message History

The worm barely misses you.
You sock the worm!
You kill the worm!
Lugonu accepts your kill.
Found 20 stones and 9 gold pieces.
You see here a worm corpse.
Found a scroll labelled MYBLEK VISEE.
You now have 40 gold pieces (gained 9).
n - a scroll labelled MYBLEK VISEE Natasha, Servant of Life and Death comes into view.
Natasha hisses angrily.
Natasha is nearby!
Natasha stares at you and mumbles some strange words.
You resist with some effort. Natasha casts a spell at you.
You feel yourself slow down.
You miss Natasha. Natasha misses you. Natasha claws you.
You closely miss Natasha. Natasha claws you. Natasha misses you.
You barely miss Natasha.
Natasha mumbles some strange words.
Natasha closely misses you.
You barely miss Natasha. Natasha claws you.
You barely miss Natasha. Natasha barely misses you.
The white imp hits you but does no damage.
Natasha claws you but does no damage.
You hit Natasha.
Natasha is lightly wounded.
Natasha claws you. The white imp hits you. The white imp freezes you.
Natasha claws you. The white imp hits you. The white imp freezes you.
* * * LOW HITPOINT WARNING * * *
You are too injured to fight recklessly!
You are too injured to fight recklessly!
You hit Natasha.
Natasha is heavily wounded.
Natasha casts a spell at you. The magic dart hits you.
* * * LOW HITPOINT WARNING * * *
The white imp gestures at you. The puff of frost hits you!
You die...

,,... .. #.. , #.#
#.*#.# * . #.# #.##.# *
. #.# #.##.#### . #.#
#.#.....# ,# .##.#
#.#.....# .# ....#
#.#.....###.##### *
.#..# #....###.........
* .#.†####..###
#.@5...... ......†...#
#..h......
..#.####................
..#... .......#.........
..#...........##########
* #.#........(..# ,
..............#
#.##..######### ,
.........


You could see Natasha and a white imp (summoned).

Vanquished Creatures
  Natasha (D:2)
  A worm (D:2)
  3 ball pythons (D:1)
  3 bats
  An endoplasm (D:1)
  2 giant cockroaches (D:1)
  3 hobgoblins
  5 kobolds
  A frilled lizard (D:1)
  A goblin (D:1)
  2 rats (D:1)
23 creatures vanquished.

Notes
Turn   | Place    | Note
-------+----------+-------------------------------------------
     0 | D:1      | Nietzsche the Meteoran Gladiator began the quest for the
                  | Orb.
     0 | D:1      | Reached XP level 1. HP: 17/17 MP: 2/2
   138 | D:1      | Reached XP level 2. HP: 22/24 MP: 3/3
   169 | D:1      | Found a faded altar of an unknown god.
   181 | D:1      | Prayed at the altar of an unknown god.
   181 | D:1      | Became a worshipper of Lugonu the Unformed
   181 | D:1      | Reached * piety under Lugonu
   181 | D:1      | Reached ** piety under Lugonu
   478 | D:1      | Reached XP level 3. HP: 30/30 MP: 4/4
   490 | D:1      | Glimpsed the power of Zot.
   595 | D:2      | Noticed Natasha
   606 | D:2      | Killed Natasha
   607 | D:2      | Reached XP level 4. HP: 27/37 MP: 5/5
   626 | D:2      | Noticed Natasha
   636 | D:2      | Killed from afar by a white imp

Illustrated notes

Levels and vault maps discovered:
D:1:      tarquinn_simple_flora_water_f, layout_rooms,
          ebering_ecumenical_altar_petrified, minmay_pentomino_w2
D:2:      layout_basic, uniq_natasha

Skill      XL: |  1  2 |
---------------+-------+-----
Dodging        | 4 |  4.2
Fighting       | |  2.7
Maces & Flails | |  4.9
Throwing       | |  2.6
Armour         | |  0.9

Action                   |  1- 3 |  4- 6 || total
-------------------------+-------+-------++-------
Melee: Flail             |    82 |    11 ||    93
Armor: Leather armour    |    49 |     2 ||    51
Dodge: Dodged            |    69 |     6 ||    75

Table legend: (Time is in decaauts)
 A = Elapsed time spent in this place.
 B = Non-inter-level travel time spent in this place.
 C = Inter-level travel time spent in this place.
 D = Time resting spent in this place.
 E = Time spent auto-exploring this place.
 F = Levels seen in this place.
 G = Mean time per level.
                   A        B        C        D        E       F      G
               +--------+--------+--------+--------+--------+-----+--------+
         Total |    656 |    656 |      0 |      0 |    373 |   2 |  328.0 |
       Dungeon |    656 |    656 |      0 |      0 |    373 |   2 |  328.0 |
               +--------+--------+--------+--------+--------+-----+--------+

Top non-repeatable levels by time:
     D:1: 504 daAuts
     D:2: 151 daAuts
